AoeStats
← ELWARD

MegaRandom

507359207Analyzed
3v3 RM · 14d ago on Sep 17, 2026· 45m 12s· 6 players
Game mode
Random Map
Map size
Normal (6 player)
Population
200
Speed
Normal
Resources
Standard
Victory
Conquest
Starting age
Dark Age
Ending age
Imperial Age
RankedLock teamsTeams togetherTeam positionsShared explorationLock speedFull tech treeHidden civsTurbo modeCheats
Victory
Defeat
🇫🇷 Goths · France
1103
+17
🇵🇪 Chinese · Peru
1092
+18
🇧🇷 Franks · Brazil
1087
+18
🇨🇱 Romans · Chile
1154
-19
🇨🇱 Bohemians · Chile
1152
-19
🇺🇸 Huns · United States
1076
-15
ELWARD
0:28 Loom
11:14 Feudal Age
20:30 Castle Age
18:56 Double-Bit Axe
18:55 Horse Collar
22:05 Heavy Plow
22:23 Bow Saw
26:54 Town Watch
29:48 Wheelbarrow
34:32 Hand Cart
34:15 Gold Mining
34:15 Stone Mining
35:04 Forging
34:54 Scale Mail Armor
38:07 Imperial Age
38:19 Iron Casting
37:59 Chain Mail Armor
37:37 Pikeman
38:18 Squires
38:03 Arson
39:31 Fletching
40:41 Blast Furnace
40:15 Town Patrol
41:48 Halberdier
43:08 Conscription
44:19 Two-Man Saw
Zee
11:22 Feudal Age
15:13 Castle Age
14:25 Double-Bit Axe
15:19 Wheelbarrow
16:36 Bow Saw
16:19 Gold Mining
17:53 Gold Shaft Mining
18:48 Loom
18:50 Town Watch
20:15 Stone Mining
22:12 Husbandry
27:10 Scale Barding Armor
27:51 Forging
29:27 Chain Barding Armor
31:04 Iron Casting
32:03 Hand Cart
35:06 Imperial Age
35:48 Cavalier
37:26 Ballistics
36:52 Light Cavalry
38:12 Plate Barding Armor
38:38 Conscription
38:20 Chivalry
40:19 Blast Furnace
39:10 Fletching
42:35 Bodkin Arrow
44:13 Paladin
Frodon le Hobbit
2:18 Loom
16:41 Feudal Age
16:45 Man-at-Arms
21:07 Castle Age
21:10 Fletching
22:23 Elite Skirmisher
23:25 Double-Bit Axe
23:27 Horse Collar
29:10 Padded Archer Armor
30:04 Heavy Plow
32:31 Squires
32:50 Leather Archer Armor
33:59 Stone Mining
34:43 Bodkin Arrow
35:22 Ballistics
39:48 Imperial Age
37:24 Gold Mining
39:32 Town Watch
42:07 Wheelbarrow
42:05 Elite Huskarl
43:37 Forging
44:01 Ring Archer Armor
43:29 Pikeman
mikeespin
2:14 Loom
11:46 Feudal Age
12:25 Double-Bit Axe
17:17 Castle Age
16:24 Scale Barding Armor
16:30 Horse Collar
18:20 Fletching
18:32 Padded Archer Armor
21:17 Wheelbarrow
29:08 Bodkin Arrow
29:29 Leather Archer Armor
30:20 Forging
32:47 Bloodlines
32:38 Husbandry
47:24 Imperial Age
Sabellinho
Long Live Beard
8:06 Loom
9:53 Feudal Age
11:07 Double-Bit Axe
13:10 Fletching
14:43 Horse Collar
19:58 Castle Age
19:08 Scale Barding Armor
19:49 Forging
24:56 Wheelbarrow
26:08 Chain Barding Armor
29:37 Husbandry
29:57 Fervor
30:08 Sanctity
30:29 Iron Casting
32:18 Town Watch
38:19 Imperial Age
36:54 Bodkin Arrow
37:38 Elite Skirmisher
39:24 Chemistry
38:45 Ballistics
38:29 Padded Archer Armor
38:52 Hand Cart
38:25 Cavalier
40:28 Blast Furnace
40:59 Bow Saw
41:25 Conscription
41:15 Wagenburg Tactics
41:39 Bracer
42:50 Masonry
44:00 Squires
Connection lost

Rejoining the realm…

Still unreachable

The connection could not be restored.

Session expired

The server has moved on; the page needs a fresh start.